 Dungeon Crawl Stone Soup version 0.17-a0-896-g249456b (webtiles) character file.

42 oplop the Chiller (level 3, 0/23 HPs)
             Began as an Octopode Ice Elementalist on May 1, 2015.
             Slain by an adder (1 damage)
             ... on level 2 of the Dungeon.
             The game lasted 00:02:40 (1403 turns).

oplop the Chiller (Octopode Ice Elementalist)       Turns: 1403, Time: 00:02:41

Health: 0/23       AC:  6    Str:  7    XL:     3   Next: 56%
Magic:  1/7        EV: 12    Int: 23    God:
Gold:   47         SH:  0    Dex: 10    Spells: 2 memorised, 3 levels left

rFire  . . .     SeeInvis .     c - +0 short sword
rCold  . . .     Clarity  .     (no shield)
rNeg   . . .     SustAb   .     (helmet restricted)
rPois  .         Gourm    .     (no amulet)
rElec  .         Spirit   .     (no ring)
rCorr  .         Warding  .     (no ring)
rMut   .         Stasis   .     (no ring)
MR     .....                    (no ring)
Stlth  +++.......               (no ring)
                                (no ring)
                                (no ring)
                                (no ring)

@: brilliant, lethally poisoned (0 -> -11), icy armour, very slightly
contaminated, hasted, very quick, not resistant to hostile enchantments, fairly
stealthy
A: almost no armour, amphibious, 8 rings, constrict 8, camouflage 1, blink 1,
clumsy 1, gelatinous body 1, evolution 1, MP-powered wands
a: Blink


You were on level 2 of the Dungeon.
You were not hungry.

You visited 1 branch of the dungeon, and saw 2 of its levels.

You collected 47 gold pieces.

Inventory:

Hand weapons
 c - a +0 short sword (weapon)
Scrolls
 d - a scroll of enchant armour {unknown}
 h - 2 scrolls of amnesia {unknown}
 j - a scroll of immolation {unknown}
 l - a scroll of remove curse {unknown}
Books
 a - a book of Frost

   Spells                             Type                      Level
   a - Freeze                         Ice                          1
   b - Throw Frost                    Conjuration/Ice              2
   c - Ozocubu's Armour               Charms/Ice                   3
   d - Throw Icicle                   Conjuration/Ice              4
   e - Summon Ice Beast               Ice/Summoning                4
   f - Condensation Shield            Ice                          4
Comestibles
 b - 3 bread rations
 k - a beef jerky
 m - a chunk of flesh


   Skills:
 + Level 1.5 Fighting
 - Level 2.0 Dodging
 - Level 2.6 Stealth
 + Level 2.7 Spellcasting
   Level 1.0 Conjurations
 + Level 3.4 Ice Magic


You had 3 spell levels left.
You knew the following spells:

 Your Spells              Type           Power        Failure   Level  Hunger
a - Freeze                Ice            ####         1%          1    None
b - Ozocubu's Armour      Chrm/Ice       ###.....     2%          3    ###....


Dungeon Overview and Level Annotations

Branches:
Dungeon (2/15)

Altars:
Ashenzari


Innate Abilities, Weirdness & Mutations

You cannot wear most types of armour.
You are amphibious.
You can wear up to eight rings at the same time.
You can use your tentacles to constrict eight enemies at once.
Your skin changes colour to match your surroundings (Stealth).
Your rubbery body absorbs attacks (AC +1).
You can translocate small distances at will.
You are clumsy. (Dex -2)
You evolve.
You expend magic power (3 MP) to strengthen your wands.


Message History

Drink which item? (? for menu, Esc to quit)
It was a potion of mutation.
You feel extremely strange.
You feel clumsy.
There is a nasty taste in your mouth for a moment.
You feel an ache in your throat.
* * * LOW HITPOINT WARNING * * *
You feel sick. The adder bites you but does no damage. The adder misses you.
Drink which item? (? for menu, Esc to quit)
You feel extremely strange.
You feel your magical essence link to your wands.
You feel nature experimenting on you.
Don't worry, failures die fast.
The adder barely misses you. The adder bites you.
* * * LOW HITPOINT WARNING * * *
You barely miss the adder. Your grab misses the adder.
The adder is moderately wounded.
The adder bites you.
* * * LOW HITPOINT WARNING * * *
You are more poisoned.
The adder poisons you! The adder bites you.
You die...

.........# #
..........# #
...........+ . #
............# #.# #
............# ..#####
............# #......
..........[..# #..####
#SS...# #.##..####
#@....# #.........
#.....# ######..##
#####.....# #..##
#.........#########.##
#....................#
#....................#
#........(...........#
#####..)..............
#.+.....####+######.


You could see 2 adders.

Vanquished Creatures
  An adder (D:2)
  A worm (D:2)
  4 giant geckos
  4 hobgoblins
  3 bats (D:1)
  5 giant cockroaches
  2 giant newts (D:2)
  4 goblins (D:1)
  6 kobolds
  2 rats (D:1)
32 creatures vanquished.

Notes
Turn   | Place    | Note
--------------------------------------------------------------
     0 | D:1      | oplop, the Octopode Ice Elementalist, began the quest for the Orb.
     0 | D:1      | Reached XP level 1. HP: 11/11 MP: 3/3
   279 | D:1      | Reached XP level 2. HP: 10/18 MP: 5/5
   570 | D:1      | Reached skill level 1 in Fighting
   877 | D:1      | Reached XP level 3. HP: 16/23 MP: 2/6
  1016 | D:2      | Found a shattered altar of Ashenzari.
  1214 | D:2      | Learned a level 3 spell: Ozocubu's Armour
  1399 | D:2      | Gained mutation: You can translocate small distances at will. [potion of beneficial mutation]
  1401 | D:2      | Gained mutation: You are clumsy. (Dex -2) [potion of mutation]
  1401 | D:2      | Gained mutation: You can spit weak poison. [potion of mutation]
  1401 | D:2      | Lost mutation: You can spit weak poison. [potion of mutation]
  1402 | D:2      | Gained mutation: You expend magic power (3 MP) to strengthen your wands. [potion of mutation]
  1402 | D:2      | Gained mutation: You evolve. [potion of mutation]
  1403 | D:2      | HP: 1/23 [adder (3)]
  1403 | D:2      | Slain by an adder

Action                   || total
-------------------------++-------
Melee: Short sword       ||    56
 Cast: Freeze            ||    18
       Ozocubu's Armour  ||     1
  Use: Potion            ||     5
 Stab: Sleeping          ||     3
       Distracted        ||     1
  Eat: Chunk             ||     2
